 Dungeon Crawl Stone Soup version 0.18-a0-1718-g40ea4b6 (webtiles) character file.

1659 barb4r1an the Skirmisher (level 9, -1/78 HPs)
             Began as a Hill Orc Fighter on Apr 8, 2016.
             Slain by a killer bee (3 damage)
             ... on level 7 of the Dungeon.
             The game lasted 00:21:18 (5267 turns).

barb4r1an the Skirmisher (Hill Orc Fighter)         Turns: 5267, Time: 00:21:19

Health: -1/78      AC: 24    Str: 22    XL:     9   Next: 0%
Magic:  0/9        EV:  5    Int:  8    God:
Gold:   443        SH: 10    Dex: 10    Spells: 2 memorised, 5 levels left

rFire  . . .     SeeInvis .     p - +0 mace (protect)
rCold  . . .     Gourm    .     l - +4 plate armour {rPois}
rNeg   + . .     Faith    .     c - +0 shield
rPois  +         Spirit   +     s - +0 helmet
rElec  .         Dismiss  .     (no cloak)
rCorr  .         Reflect  .     w - +0 pair of gloves
SustAt .         Harm     .     (no boots)
MR     .....                    e - amulet of guardian spirit
Stlth  ..........               (no ring)
                                z - ring of positive energy

@: not resistant to hostile enchantments, extremely unstealthy
A: no striking features
a: no special abilities


You were on level 7 of the Dungeon.
You were not hungry.

You visited 1 branch of the dungeon, and saw 7 of its levels.

You collected 443 gold pieces.

Inventory:

Hand Weapons
 a - a +0 war axe
 p - a +0 mace of protection (weapon)
 r - a +1 dagger of speed
Armour
 b - a +0 scale mail
 c - a +0 shield (worn)
 l - a +4 plate armour of poison resistance (worn)
 s - a +0 helmet (worn)
 w - a +0 pair of gloves (worn)
Jewellery
 e - an amulet of guardian spirit (around neck)
 k - an uncursed amulet of magic regeneration
 z - a ring of positive energy (left hand)
Wands
 v - a wand of iceblast (8/15)
Scrolls
 f - a scroll of immolation {unknown}
 g - 2 scrolls of magic mapping
 i - 2 scrolls of noise
 j - a scroll of identify
 m - 2 scrolls of teleportation
 n - 3 scrolls of remove curse
 u - 2 scrolls of recharging
 y - 2 scrolls of fear {unknown}
Potions
 d - a potion of might
 h - 2 potions of curing
 o - 2 potions of brilliance
 q - a potion of flight
 A - a potion of haste
 B - a potion of heal wounds {unknown}
 D - a potion of lignification {unknown}
Books
 x - a book of Callings

   Spells                             Type                      Level
   a - Summon Small Mammal            Summoning                    1
   b - Call Imp                       Summoning                    2
   c - Call Canine Familiar           Summoning                    3
   d - Summon Guardian Golem          Hexes/Summoning              3
   e - Summon Lightning Spire         Summoning/Air                4
   f - Summon Ice Beast               Ice/Summoning                4
 E - a book of Flames

   Spells                             Type                      Level
   a - Flame Tongue                   Conjuration/Fire             1
   b - Throw Flame                    Conjuration/Fire             2
   c - Conjure Flame                  Conjuration/Fire             3
   d - Inner Flame                    Hexes/Fire                   3
   e - Sticky Flame                   Conjuration/Fire             4
   f - Fireball                       Conjuration/Fire             5
Comestibles
 t - 2 meat rations


   Skills:
 + Level 6.6 Fighting
 - Level 4.6(6.6) Axes
 * Level 5.4(6.0) Maces & Flails
   Level 2.5(3.5) Polearms
 + Level 6.5 Armour
 - Level 1.6 Dodging
 - Level 0.3 Stealth
 + Level 6.4 Shields


You had 5 spell levels left.
You knew the following spells:

 Your Spells              Type           Power        Failure   Level  Hunger
a - Flame Tongue          Conj/Fire      #....        100%        1    ##.....
b - Call Imp              Summ           #.......     100%        2    ###....


Dungeon Overview and Level Annotations

Branches:
Dungeon (7/15)
 Temple: D:4-7

Altars:

Shops:
D:4 [


Message History

Unknown command.
You sock the killer bee!
The killer bee is almost dead.
The killer bee stings you but does no damage.
You block the killer bee's attack. x3; The killer bee barely misses you.
The killer bee stings you but does no damage.
You block the killer bee's attack. The killer bee barely misses you.
The killer bee stings you but does no damage. x2
The killer bee closely misses you. The killer bee barely misses you.
You miss the killer bee.
The killer bee is almost dead.
The killer bee stings you but does no damage. x2
The killer bee barely misses you. x3
The killer bee stings you but does no damage.
You block the killer bee's attack. x2
Unknown command.
You miss the killer bee.
The killer bee is almost dead.
The killer bee stings you.
You die...

#..............
#.............
##.>bb.......# .....
......b......#### .....
................# .....
#..............# .....
###....Z..##....###.....
......yyy.##b...##.....
......y@......b....#####
##..<.....##.......†....
...%.......).......#####
###.......##..)........#
#.......##............
#.......##....#####...
############### #...
#... ####


You could see 4 killer bees and a worker ant zombie.

Vanquished Creatures
  Grinder (D:6)
  An ice beast (D:5)
  2 sky beasts
  3 ogres
  A centaur (D:6)
  A big kobold (D:7)
  2 giant frogs (D:6)
  2 scorpions (D:4)
  A howler monkey (D:6)
  A centaur zombie (D:7)
  A giant frog zombie (D:6)
  3 hounds
  An orc priest (D:3)
  An orc wizard (D:4)
  An iguana (D:5)
  A worker ant (D:7)
  Robin (D:2)
  A worker ant zombie (D:6)
  7 adders
  3 oozes
  A worm (D:2)
  3 dart slugs
  6 giant geckos
  13 orcs
  8 bats
  5 giant cockroaches
  23 goblins
  11 hobgoblins
  7 jackals
  5 quokkas
  A ball python (D:2)
  A giant gecko skeleton (D:4)
  A giant gecko zombie (D:7)
  3 giant newts
  10 kobolds
  4 rats
137 creatures vanquished.

Notes
Turn   | Place    | Note
--------------------------------------------------------------
     0 | D:1      | barb4r1an the Hill Orc Fighter began the quest for the Orb.
     0 | D:1      | Reached XP level 1. HP: 19/19 MP: 1/1
    67 | D:1      | Reached XP level 2. HP: 22/27 MP: 2/2
    87 | D:1      | HP: 1/27 [hobgoblin/club (1)]
   474 | D:1      | Reached XP level 3. HP: 25/33 MP: 3/3
  1089 | D:2      | Reached XP level 4. HP: 20/40 MP: 4/4
  1333 | D:2      | Reached skill level 1 in Dodging
  1552 | D:2      | Found a faded altar to an unknown god.
  1955 | D:2      | Noticed Robin
  1978 | D:2      | Reached XP level 5. HP: 13/46 MP: 2/5
  2001 | D:2      | Killed Robin
  2491 | D:3      | Noticed a sky beast
  2523 | D:3      | Killed a sky beast
  2523 | D:3      | Reached XP level 6. HP: 19/53 MP: 3/6
  2956 | D:4      | Reached skill level 1 in Maces & Flails
  2956 | D:4      | Reached skill level 5 in Armour
  2968 | D:4      | Found Oxeen's Antique Armour Boutique.
  3243 | D:4      | Reached XP level 7. HP: 60/60 MP: 7/7
  3540 | D:5      | Entered Level 5 of the Dungeon
  3563 | D:5      | Got an ichor-stained trident
  3564 | D:5      | Identified the +8 trident of Innocence {distort, rPois} (You found it on level 5 of the Dungeon)
  3610 | D:5      | Reached skill level 5 in Fighting
  3670 | D:5      | Reached skill level 1 in Polearms
  3670 | D:5      | Reached skill level 5 in Shields
  4393 | D:6      | Noticed Grinder
  4394 | D:6      | Paralysed by Grinder for 3 turns
  4417 | D:6      | Paralysed by Grinder for 2 turns
  4432 | D:6      | Killed Grinder
  4432 | D:6      | Reached XP level 8. HP: 36/70 MP: 5/8
  5103 | D:7      | Reached skill level 5 in Maces & Flails
  5145 | D:7      | Learned a level 1 spell: Flame Tongue
  5148 | D:7      | Learned a level 2 spell: Call Imp
  5227 | D:7      | Reached XP level 9. HP: 42/78 MP: 6/9
  5264 | D:7      | HP: 3/78 [killer bee (4)]
  5264 | D:7      | HP: 1/78 [killer bee (2)]
  5267 | D:7      | Slain by a killer bee

Vault maps used:
D:1:      ncdulo_halloftheorcs
D:2:      kennysheep_goblin_castle, ecumenical_altar_2,
          hangedman_abyss_or_decor_lesser_grid
D:3:      first_bread
D:4:      serial_shops, shop
D:6:      minivault_1, uniq_grinder
D:7:      minmay_temple_entry_butterflies, trog_hazing_becter

Skill      XL: |  1  2  3  4  5  6  7  8 |
---------------+-------------------------+-----
Axes           | 3 4 |  4.6
Armour         | 4 5 6 |  6.5
Fighting       | 4 5 6 |  6.6
Dodging        | 1 |  1.6
Shields        | 4 5 6 |  6.4
Maces & Flails | 2 3 5 |  5.4
Polearms       | 2 |  2.5
Stealth        | |  0.3

Action                   |  1- 3 |  4- 6 |  7- 9 || total
-------------------------+-------+-------+-------++-------
Melee: War axe           |   133 |   101 |       ||   234
       Mace              |       |   200 |   288 ||   488
       Trident           |       |       |    18 ||    18
  Use: Scroll            |       |    11 |     1 ||    12
  Eat: Bread ration      |       |     2 |     2 ||     4
